 Dungeon Crawl Stone Soup version 0.22-a0-785-g6253c82ace (webtiles) character file.

53197 Htamos the Basher (level 14, -9/141 HPs)
             Began as a Troll Monk on July 20, 2018.
             Was a High Priest of Ashenzari.
             Mangled by a deep troll (17 damage)
             ... on level 1 of the Depths.
             The game lasted 00:52:20 (17839 turns).

Htamos the Basher (Troll Monk)                     Turns: 17839, Time: 00:52:22

Health: -9/141     AC: 10    Str: 22    XL:     14   Next: 30%
Magic:  13/13      EV: 27    Int:  6    God:    Ashenzari [*****.]
Gold:   659        SH:  2    Dex: 26    Spells: 13/13 levels left

rFire    + . .     SeeInvis +   C - +4 giant spiked club (venom) (curse)
rCold    . . .     Gourm    +   (shield currently unavailable)
rNeg     . . .     Faith    .   G - +2 robe "Dogou" {-Cast rF+ Dex+8} (curse)
rPois    .         Spirit   .   (helmet restricted)
rElec    .         Reflect  +   i - +0 cloak (curse)
rCorr    .         Harm     .   (gloves unavailable)
MR       +....     Clarity  +   (boots unavailable) Stlth ++++......NoCast +
                                m - +2 amulet of reflection (curse)
HPRegen  0.73/turn              P - ring of see invisible
MPRegen  0.13/turn              q - +2 ring of protection (curse)

@: about to teleport
A: large, unfitting armour, claws 3, repulsion field 1, agile 1, fast metabolism
3, gourmand, regeneration 1, shaggy fur 1, tough skin 2
a: Curse Item, Scrying, Transfer Knowledge, Renounce Religion


You were on level 1 of the Depths.
You worshipped Ashenzari.
Ashenzari was extremely pleased with you.
You were completely stuffed.

You visited 3 branches of the dungeon, and saw 17 of its levels.
You also visited: Sewer and Ossuary.

You collected 1267 gold pieces.
You spent 608 gold pieces at shops.

Inventory:

Hand Weapons
 a - a +0 mace
 e - a +0 giant club
 C - a cursed +4 giant spiked club of venom (weapon)
 D - a +0 whip of electrocution
Missiles
 u - a throwing net (quivered)
 Y - 2 large rocks
Armour
 b - a +0 robe
 d - a +0 shield
 i - a cursed +0 cloak (worn)
 t - the cursed +0 shield of Yredelemnul's Approval {-Tele Int+4 Dex+4}
   (You acquired it on level 14 of the Dungeon)

   It affects your intelligence (+4).
   It affects your dexterity (+4).
   It prevents most forms of teleportation.
   It has a curse placed upon it.
 A - a +0 troll leather armour
 G - the cursed +2 robe "Dogou" (worn) {-Cast rF+ Dex+8}
   (You found it on level 8 of the Dungeon)

   It affects your dexterity (+8).
   It protects you from fire.
   It prevents spellcasting.
   It has a curse placed upon it.
 K - +0 fire dragon scales
 V - +0 ice dragon scales
Magical Staves
 s - an uncursed staff of wizardry
Jewellery
 m - a cursed +2 amulet of reflection (around neck)
 n - a +1 ring of protection
 o - a +4 amulet of reflection
 p - an uncursed amulet of the gourmand
 q - a cursed +2 ring of protection (right claw)
 J - an uncursed ring of wizardry
 N - an uncursed amulet of harm
 O - the ring of Golezosum {rElec rPois MR+ MP-9 Stlth+}
   (You found it on level 12 of the Dungeon)

   [ring of poison resistance]

   It insulates you from electricity.
   It protects you from poison.
   It affects your resistance to hostile enchantments.
   It affects your magic capacity (-9).
   It makes you more stealthy.
 P - a ring of see invisible (left claw)
 Q - an uncursed ring of resist corrosion
 R - a +4 ring of intelligence
 U - an uncursed ring of flight
Wands
 w - a wand of random effects (31)
 x - a wand of enslavement (25)
 E - a wand of iceblast (27)
 F - a wand of clouds (6)
 H - a wand of flame (105)
 I - a wand of polymorph (11)
 T - a wand of paralysis (9)
 Z - a wand of scattershot (4)
Scrolls
 g - 10 scrolls of identify
 k - 6 scrolls of remove curse
 l - 3 scrolls of noise
 r - 4 scrolls of magic mapping
 v - 6 scrolls of teleportation
 y - 6 scrolls of enchant armour
 S - a scroll of fog
Potions
 f - 7 potions of flight
 h - 2 potions of cancellation
 j - 7 potions of brilliance
 z - a potion of curing
 B - 3 potions of degeneration
 X - a potion of invisibility
Miscellaneous
 L - a sack of spiders
 M - a box of beasts
Comestibles
 c - 48 rations
 W - 7 chunks of flesh


   Skills:
 + Level 9.8 Fighting
 * Level 14.2(18.9) Maces & Flails
 * Level 13.0(15.3) Dodging
 - Level 3.4(5.8) Stealth
 - Level 2.1 Shields
 - Level 0.7 Unarmed Combat


You had 13 spell levels left.
You didn't know any spells.
Your spell library contained the following spells:

 Spells                   Type           Power        Failure   Level  Hunger
 Apportation              Tloc           #.....       41%         1    ##.....
 Lightning Bolt           Conj/Air       #.........   100%        5    ######.
 Invisibility             Hex            #.......     100%        6    #######
 Tukima's Dance           Hex            #.......     78%         3    ####...
 Stone Arrow              Conj/Erth      #.....       78%         3    ####...
 Shock                    Conj/Air       #...         41%         1    ##.....
 Swiftness                Chrm/Air       #.......     54%         2    ###....
 Airstrike                Air            #.........   99%         4    #####..
 Passwall                 Tmut/Erth      #.......     54%         2    ###....
 Summon Butterflies       Summ           #.......     41%         1    ##.....
 Static Discharge         Conj/Air       #.......     78%         3    ####...
 Alistair's Intoxication  Tmut/Pois      #.......     100%        5    ######.
 Lee's Rapid Deconstruct  Erth           #.........   100%        5    ######.
 Sandblast                Erth           #.....       41%         1    ##.....
 Petrify                  Tmut/Erth      #.......     99%         4    #####..
 Passage of Golubria      Tloc           N/A          99%         4    #####..
 Darkness                 Hex            #.........   100%        6    #######
 Lesser Beckoning         Tloc           #.........   78%         3    ####...


Dungeon Overview and Level Annotations

Branches:
Dungeon (15/15)            Temple (1/1) D:7            Lair (0/6) D:9
    Orc (0/2) D:10         Vaults (0/5) D:13         Depths (1/5) D:15

Altars:
Ashenzari
Cheibriados
Dithmenos
Elyvilon
Fedhas
Gozag
Hepliaklqana
Kikubaaqudgha
Makhleb
Okawaru
Qazlal
Ru
Sif Muna
Trog
Uskayaw
Vehumet
Wu Jian
Xom
Yredelemnul
Zin
The Shining One

Shops:
D:4 [   D:7 =   D:11 ?   Depths:1 !

Portals:
Hell: Depths:1
Ziggurat: Depths:1

Annotations:
D:12 4 transporters, petercordia's ghost, journeyman DrTm
D:13 3 runed doors, Bapho's ghost, journeyman DDMo


Innate Abilities, Weirdness & Mutations

You are too large for most types of armour.
You have claws for hands.
Your metabolism is lightning-fast.
You like to eat raw meat.
Your natural rate of healing is unusually fast.
You are covered in fur. (AC +1)
You have very tough skin. (AC +2)
You are surrounded by a mild repulsion field. (EV +2)
You are agile. (Dex +2)


Message History

The deep troll claws you! The deep troll bites you!
You block the deep troll's attack. The deep troll claws you!
* * * LOW HITPOINT WARNING * * *
The deep troll shaman calls upon its god to speed up the deep troll.
The deep troll seems to speed up.
The deep troll barely misses you.
The deep troll claws you but does no damage.
The deep troll closely misses you.
The deep troll shaman calls upon its god to speed up the deep troll.
The deep troll seems to speed up.
The deep troll bites you!!
* * * LOW HITPOINT WARNING * * *
The deep troll misses you. The deep troll completely misses you.
Unknown command.
As you read the scroll of teleportation, it crumbles to dust.
You feel strangely unstable. The deep troll misses you.
The deep troll completely misses you. The deep troll misses you. x2
The deep troll claws you!!
* * * LOW HITPOINT WARNING * * *
The deep troll misses you. The deep troll bites you!
You die...

#####..######## #
*##############.###########
..............(...........
*..............(......>....
...........(..............
*..................T.......
.........(......T.....#...
.......)..T.T........#..#.
.........@T.T.......##.##'
*..........T.........#.##..
*...................##.#..#
...........).......#..#..*
...................#..##).
#######..#....#######..##[
#..###...# #...##
*..##.##..#* ###...
,.##.∩.##.. ###)


You could see an iron troll, 4 deep trolls and a deep troll shaman.

Vanquished Creatures
  A frost giant (D:12)
  A very ugly thing (Depths:1)
  2 stone giants (Depths:1)
  A fire dragon (D:15)
  4 ogre magi
  A yaktaur captain (D:13)
  3 ice dragons (D:15)
  The ghost of Singularity42 the Basher, a journeyman GrFi of Makhleb (D:11)
  6 centaur warriors
  12 two-headed ogres
  5 tengu warriors (D:13)
  The ghost of grizmgrazm2 the Bolt Thrower, a novice DsTm of Sif Muna (D:8)
  Nergalle (D:12)
  A glowing orange brain (Depths:1)
  An unseen horror (D:9)
  Pikel (D:5)
  An orb spider (Depths:1)
  8 ugly things
  A wolf spider zombie (D:14)
  A deep elf mage (D:11)
  2 cyclopes
  Maurice (D:8)
  3 centaur skeletons
  3 yaktaurs
  2 komodo dragons
  An efreet (D:14)
  4 trolls
  A queen bee (D:9)
  A hippogriff (shapeshifter) (Depths:1)
  4 slime creatures (D:14)
  3 hippogriffs
  A shadow (D:13)
  A redback (Depths:1)
  3 wraiths
  3 water elementals (Depths:1)
  18 yaks
  A human (D:11)
  A golden eye (shapeshifter) (Depths:1)
  4 vampire mosquitoes
  2 soldier ants
  An acid dragon (D:13)
  4 ice beasts
  6 orc warriors
  A phantom (D:8)
  3 sky beasts
  4 slaves
  An eye of draining (D:8)
  A necrophage (D:11)
  4 ogres
  4 black bears
  14 centaurs
  4 crocodiles
  5 big kobolds
  A big kobold (shapeshifter) (D:13)
  2 elf zombies (Ossuary)
  A gnoll sergeant (D:7)
  2 elf skeletons (D:5)
  9 bullfrogs
  2 wyvern zombies
  3 earth elementals (Depths:1)
  5 scorpions
  29 killer bees
  17 wights
  4 howler monkeys
  5 centaur zombies
  4 crimson imps
  7 hounds
  2 quasits
  2 human zombies (Ossuary)
  9 jellies
  3 bullfrog zombies
  4 orc priests
  16 orc wizards
  6 iguanas
  A bullfrog skeleton (D:5)
  12 worker ants
  A hound zombie (D:5)
  2 mummies (Ossuary)
  Robin (D:3)
  A howler monkey skeleton (D:9)
  A howler monkey zombie (D:11)
  17 adders
  10 gnolls
  4 river rats
  3 shadow imps
  An ooze (D:1)
  4 adder zombies
  An adder skeleton (D:8)
  A worm (D:3)
  9 leopard geckos
  42 orcs
  3 ball pythons
  5 bats
  6 giant cockroaches
  7 hobgoblins
  14 jackals
  26 kobolds
  4 quokkas
  5 frilled lizards
  14 goblins
  7 hobgoblin zombies (Ossuary)
  2 jackal skeletons
  A jackal zombie (Ossuary)
  6 kobold zombies (Ossuary)
  2 orc skeletons (D:5)
  15 orc zombies
  2 quokka skeletons
  6 rats
  2 rat zombies (Ossuary)
535 creatures vanquished.

Vanquished Creatures (others)
  2 plants (D:13)
2 creatures vanquished.

Grand Total: 537 creatures vanquished

Notes
Turn   | Place    | Note
-------+----------+-------------------------------------------
     0 | D:1      | Htamos the Troll Monk began the quest for the Orb.
     0 | D:1      | Reached XP level 1. HP: 22/22 MP: 0/0
   152 | D:1      | Reached XP level 2. HP: 26/29 MP: 1/1
   546 | D:1      | Reached XP level 3. HP: 34/36 MP: 2/2
  1065 | D:2      | Reached skill level 3 in Maces & Flails
  1069 | D:2      | Reached skill level 1 in Shields
  1157 | D:2      | Reached XP level 4. HP: 18/44 MP: 3/3
  2082 | D:3      | Found a glowing drain.
  2090 | Sewer    | Entered a sewer
  2204 | Sewer    | Noticed a big kobold
  2237 | Sewer    | Killed a big kobold
  2237 | Sewer    | Reached XP level 5. HP: 33/53 MP: 4/4
  2289 | Sewer    | Found a glowing silver altar of Zin.
  2423 | D:3      | Found a shimmering altar of Xom.
  2487 | D:3      | Noticed Robin
  2511 | D:3      | Killed Robin
  2842 | D:3      | Noticed an ogre
  2855 | D:3      | Reached skill level 4 in Maces & Flails
  2855 | D:3      | Reached XP level 6. HP: 52/61 MP: 5/5
  3388 | D:4      | Found a basalt altar of Yredelemnul.
  3419 | D:4      | Found a sacrificial altar of Ru.
  3421 | D:4      | Found a deep blue altar of Sif Muna.
  3489 | D:4      | Found Qongi's Armour Shoppe.
  3508 | D:4      | Found a snail-covered altar of Cheibriados.
  3517 | D:4      | Found a glowing silver altar of Zin.
  3828 | D:4      | Reached XP level 7. HP: 61/67 MP: 6/6
  4274 | D:5      | Entered Level 5 of the Dungeon
  4337 | D:5      | HP: 2/68 [orc priest/divine providence (12)]
  4339 | D:5      | Reached skill level 5 in Maces & Flails
  4381 | D:5      | Found a sand-covered staircase.
  4415 | Ossuary  | Entered an ossuary
  4804 | Ossuary  | Reached XP level 8. HP: 62/78 MP: 7/7
  4987 | D:5      | Reached skill level 6 in Maces & Flails
  4987 | D:5      | Reached skill level 5 in Dodging
  5600 | D:6      | Noticed Pikel
  5888 | D:5      | Killed Pikel
  5888 | D:5      | Reached skill level 7 in Maces & Flails
  5888 | D:5      | Reached XP level 9. HP: 75/87 MP: 8/8
  6221 | D:5      | Reached skill level 5 in Fighting
  6489 | D:5      | HP: 4/88 [poisoned by a killer bee]
  7111 | D:7      | Found Zisi's Jewellery Shoppe.
  7179 | D:7      | Found a bloodstained altar of Trog.
  7199 | D:7      | Reached skill level 8 in Maces & Flails
  7625 | D:7      | Found a staircase to the Ecumenical Temple.
  7931 | Temple   | Entered the Ecumenical Temple
  8019 | Temple   | Became a worshipper of Ashenzari the Shackled
  8019 | Temple   | Reached * piety under Ashenzari
  8019 | Temple   | Reached ** piety under Ashenzari
  8121 | D:7      | Noticed a two-headed ogre
  8229 | D:7      | Killed a two-headed ogre
  8229 | D:7      | Reached XP level 10. HP: 45/98 MP: 9/9
  8467 | D:8      | Noticed grizmgrazm2's ghost (novice DsTm)
  8507 | D:8      | Identified the +2 robe "Dogou" {-Cast rF+ Dex+8}
  8759 | D:8      | Noticed Maurice
  8770 | D:8      | Killed Maurice
  8770 | D:8      | Reached skill level 9 in Maces & Flails
  9279 | D:8      | Found a runed door.
  9305 | D:8      | Killed grizmgrazm2's ghost
  9507 | D:9      | Found a burning altar of Makhleb.
  9773 | D:9      | Found a staircase to the Lair.
  9803 | D:9      | Killed an unseen horror
  9803 | D:9      | Reached skill level 10 in Maces & Flails
  9866 | D:9      | Noticed a two-headed ogre
  9902 | D:9      | Killed a two-headed ogre
  9902 | D:9      | Reached XP level 11. HP: 79/107 MP: 10/10
 10233 | D:9      | Found a glowing golden altar of the Shining One.
 10430 | D:10     | Entered Level 10 of the Dungeon
 10467 | D:10     | Reached *** piety under Ashenzari
 10914 | D:10     | Found a staircase to the Orcish Mines.
 11204 | D:11     | Noticed a brown ugly thing
 11219 | D:11     | Killed a brown ugly thing
 11249 | D:11     | Noticed a two-headed ogre
 11252 | D:11     | Killed a two-headed ogre
 11252 | D:11     | Reached skill level 11 in Maces & Flails
 11252 | D:11     | Reached skill level 10 in Dodging
 11332 | D:11     | Found Heukkidu's Magic Scroll Shoppe.
 11368 | D:11     | Bought a scroll of enchant armour for 112 gold pieces
 11368 | D:11     | Bought a scroll of enchant weapon for 112 gold pieces
 11368 | D:11     | Bought a scroll of enchant armour for 112 gold pieces
 11422 | D:11     | Noticed a two-headed ogre
 11428 | D:11     | Noticed a deep elf mage
 11429 | D:11     | Killed a two-headed ogre
 11430 | D:11     | Noticed a sun demon
 11475 | D:11     | Killed a deep elf mage
 11746 | D:11     | Found a runed door.
 11751 | D:11     | Noticed Singularity42's ghost (journeyman GrFi)
 11913 | D:11     | Found a bloodstained altar of Trog.
 11914 | D:11     | Found a radiant altar of Vehumet.
 11914 | D:11     | Found a basalt altar of Yredelemnul.
 11914 | D:11     | Found a hazy altar of Hepliaklqana.
 11937 | D:11     | Noticed a purple ugly thing
 11937 | D:11     | Noticed a two-headed ogre
 11944 | D:11     | Killed a purple ugly thing
 11948 | D:11     | Killed a two-headed ogre
 11948 | D:11     | Reached XP level 12. HP: 77/119 MP: 11/11
 12045 | D:11     | Noticed a two-headed ogre
 12049 | D:11     | Killed a two-headed ogre
 12374 | D:11     | Gained mutation: You are clumsy. (Dex -2) [potion of mutation]
 12374 | D:11     | Gained mutation: You are covered in thick fur. (AC +2) [potion of mutation]
 12392 | D:12     | Identified the ring of Golezosum {rElec rPois MR+ MP-9 Stlth+}
 12392 | D:12     | Noticed a centaur warrior
 12392 | D:12     | Noticed a frost giant
 12394 | D:12     | Noticed a centaur warrior
 12396 | D:12     | Noticed an ogre mage
 12626 | D:11     | Killed Singularity42's ghost
 12668 | D:11     | Killed a centaur warrior
 12748 | D:11     | Killed a centaur warrior
 12748 | D:11     | Reached skill level 12 in Maces & Flails
 12940 | D:12     | Noticed a two-headed ogre
 13090 | D:12     | Noticed Nergalle
 13109 | D:12     | Killed Nergalle
 13233 | D:12     | Killed a frost giant
 13344 | D:12     | Reached **** piety under Ashenzari
 13402 | D:12     | Noticed petercordia's ghost (journeyman DrTm)
 13402 | D:12     | Noticed a two-headed ogre
 13403 | D:12     | Found a transporter.
 13403 | D:12     | Noticed a two-headed ogre
 13404 | D:12     | Noticed a two-headed ogre
 13405 | D:12     | Noticed a two-headed ogre
 13407 | D:12     | Found a transporter.
 13890 | D:12     | Found a transporter.
 13894 | D:12     | Found a transporter.
 13919 | D:12     | Killed an ogre mage
 14284 | D:13     | Found a runed gate.
 14284 | D:13     | Found a runed gate.
 14284 | D:13     | Found a runed gate.
 14284 | D:13     | Noticed a ten-headed hydra
 14286 | D:13     | Noticed Bapho's ghost (journeyman DDMo)
 14286 | D:13     | Noticed a 13-headed hydra
 14287 | D:13     | Identified the +7 scimitar "Vujits" {holy, *Corrode +Fly rPois Int+2}
 14338 | D:13     | Noticed a tengu warrior
 14338 | D:13     | Noticed a tengu warrior
 14428 | D:13     | Killed a tengu warrior
 14431 | D:13     | Killed a tengu warrior
 14431 | D:13     | Reached XP level 13. HP: 106/128 MP: 12/12
 15038 | D:13     | Found a gate to the Vaults.
 15254 | D:14     | Reached skill level 13 in Maces & Flails
 15582 | D:14     | Identified a scroll of acquirement
 15594 | D:14     | Got the cursed shield of Yredelemnul's Approval {-Tele Int+4 Dex+4}
 15983 | D:15     | Entered Level 15 of the Dungeon
 15990 | D:15     | Reached ***** piety under Ashenzari
 16695 | D:15     | Noticed a fire dragon
 16727 | D:15     | Killed a fire dragon
 16753 | D:15     | Found a staircase to the Depths.
 16836 | Depths:1 | Entered Level 1 of the Depths
 16965 | D:15     | Reached XP level 14. HP: 114/140 MP: 13/13
 17071 | Depths:1 | Noticed a cyan very ugly thing
 17095 | Depths:1 | Found a gateway to Hell.
 17139 | Depths:1 | Noticed a stone giant
 17254 | Depths:1 | Killed a cyan very ugly thing
 17254 | Depths:1 | Reached skill level 14 in Maces & Flails
 17408 | Depths:1 | Found Ycruachi's Distillery.
 17410 | Depths:1 | Identified the +4 chain mail of Life {rElec Dex+4}
 17416 | Depths:1 | Bought a potion of invisibility for 136 gold pieces
 17416 | Depths:1 | Bought a potion of mutation for 136 gold pieces
 17416 | Depths:1 | Lost mutation: You are clumsy. (Dex -2) [potion of mutation]
 17416 | Depths:1 | Lost mutation: You are covered in thick fur. (AC +2) [potion of mutation]
 17416 | Depths:1 | Gained mutation: You are agile. (Dex +2) [potion of mutation]
 17416 | Depths:1 | Gained mutation: You are surrounded by a mild repulsion field. (EV +2) [potion of mutation]
 17452 | Depths:1 | Killed a stone giant
 17718 | Depths:1 | Noticed a stone giant
 17726 | Depths:1 | Killed a stone giant
 17820 | Depths:1 | Found a gateway to a ziggurat.
 17839 | Depths:1 | Mangled by a deep troll

Vault maps used:
D:1:      dpeg_arrival_rooms_with_view, st_stairs_5, hangedman_decor_riveting,
          hangedman_decor_growths
D:2:      cheibrodos_gnoll_hut
D:3:      lemuel_doored_altar, first_ration, cheibrodos_sewer_entry_sluice,
          uniq_robin
D:4:      yredelemnul_altar_generic, nicolae_overflow_hidden_temple,
          serial_shops, shop
D:5:      nicolae_ossuary_entry_catacombs
D:6:      uniq_pikel, uniq_crazy_yiuf_cottage
D:7:      trog_ov_bears_minmay, minmay_temple_entry_enclosed_plants,
          serial_shops, shop
D:8:      hellmonk_ghost_happy_afterlife, uniq_maurice
D:9:      minmay_ornate_pinched, kennysheep_mini, bloody_makhleb, special_room
D:10:     orc_0_dummy
D:11:     minmay_the_grid_octo_tiled_squarecenter, serial_shops, shop,
          ebering_ghost_reflecting_pool, hangedman_stone_soup
D:12:     minmay_ambush_box, gammafunk_ghost_smash, spider_trap, uniq_nergalle
D:13:     david_vaults_2, gammafunk_ghost_hydra_chop
D:14:     hex_intersection
D:15:     grunt_enter_depths_hoard, minmay_misc_feat_five,
          minmay_unpleasant_kobolds
Temple:   nicolae_temple_hex_pool
Depths:1: enter_ziggurat_f, serial_shops, nicolae_shop_trees, minivault_14,
          pf_hell_entry_tar_spiral, grunt_pan_entry_zigzag,
          hangedman_stitches_earthworm
Sewer:    sewer_kobolds
Ossuary:  ossuary_tomb_1

Skill      XL: |  1  2  3  4  5  6  7  8  9 10 11 12 13 14 |
---------------+-------------------------------------------+-----
Maces & Flails | 3 4 5 7 8 10 11 12 13 14 | 14.2
Shields        | 1 2 |  2.1
Fighting       | 3 4 5 6 7 8 9 |  9.8
Dodging        | 3 4 6 7 9 10 11 12 13 | 13.0
Stealth        | 2 3 |  3.4
Unarmed Combat | |  0.7

Action                   |  1- 3 |  4- 6 |  7- 9 | 10-12 | 13-15 || total
-------------------------+-------+-------+-------+-------+-------++-------
Melee: Unarmed           |    36 |       |       |       |       ||    36
       Mace              |    63 |   195 |       |       |       ||   258
       Giant club        |       |    55 |   281 |       |       ||   336
       Punch             |       |     1 |       |       |       ||     1
       Giant spiked club |       |       |   281 |   636 |   317 ||  1234
Invok: Curse Item        |       |       |     4 |     1 |       ||     5
Evoke: Wand              |       |       |     3 |       |       ||     3
  Use: Potion            |       |     3 |     7 |     7 |     6 ||    23
       Scroll            |       |       |     3 |    22 |     6 ||    31
 Stab: Sleeping          |     2 |     3 |     4 |    20 |     5 ||    34
       Distracted        |       |       |       |     3 |     1 ||     4
       Fleeing           |       |       |       |     1 |       ||     1
       Invisible         |       |       |       |       |     4 ||     4
  Eat: Chunk             |    15 |    27 |    42 |    59 |    32 ||   175
Armor: Robe              |    34 |    95 |   242 |   164 |    54 ||   589
       Skin              |       |     4 |       |       |       ||     4
Dodge: Dodged            |    35 |    97 |   598 |   648 |   284 ||  1662
Block: Shield            |    50 |   101 |       |       |       ||   151
       Other             |       |       |     4 |    46 |    20 ||    70
       Reflection        |       |       |       |       |     2 ||     2

Table legend:
 A = Spawn XP
 B = Non-spawn XP
 C = Spawn XP percentage of total XP
 D = Spawn monster count
 E = Non-spawn monster count
 F = Spawn count percentage of total count
 G = Total turns spent on level
                    A         B        C        D         E        F      G
               +---------+---------+-------+---------+---------+-------+---------
         Total |       0 |   75997 |   0.0 |       0 |     531 |   0.0 | 17839
               +---------+---------+-------+---------+---------+-------+---------
           D:1 |       0 |      56 |   0.0 |       0 |      29 |   0.0 |   944
           D:2 |       0 |     108 |   0.0 |       0 |      12 |   0.0 |  1179
           D:3 |       0 |     212 |   0.0 |       0 |      24 |   0.0 |   965
           D:4 |       0 |     303 |   0.0 |       0 |      15 |   0.0 |   944
           D:5 |       0 |    1844 |   0.0 |       0 |      41 |   0.0 |  1491
           D:6 |       0 |     395 |   0.0 |       0 |      17 |   0.0 |   610
           D:7 |       0 |    2660 |   0.0 |       0 |      55 |   0.0 |  1484
           D:8 |       0 |    2514 |   0.0 |       0 |      29 |   0.0 |   916
           D:9 |       0 |    5094 |   0.0 |       0 |      59 |   0.0 |  1067
          D:10 |       0 |    1649 |   0.0 |       0 |      24 |   0.0 |   655
          D:11 |       0 |   12581 |   0.0 |       0 |      42 |   0.0 |  1749
          D:12 |       0 |    5345 |   0.0 |       0 |      16 |   0.0 |  1088
          D:13 |       0 |   12432 |   0.0 |       0 |      52 |   0.0 |  1315
          D:14 |       0 |    5257 |   0.0 |       0 |      19 |   0.0 |   746
          D:15 |       0 |   14065 |   0.0 |       0 |      30 |   0.0 |  1008
      Depths:1 |       0 |   10953 |   0.0 |       0 |      21 |   0.0 |   848
         Sewer |       0 |     133 |   0.0 |       0 |       7 |   0.0 |   242
       Ossuary |       0 |     396 |   0.0 |       0 |      39 |   0.0 |   480
               +---------+---------+-------+---------+---------+-------+---------
